 Dungeon Crawl Stone Soup version 0.32-a0-842-gbbb8fdb (webtiles) character file.

Game seed: 13691064311577975253

18477 PublicAnimeNo1 the Carver (level 12, -5/98 HPs)
             Began as a Coglin Gladiator on Mar 26, 2024.
             Was the Champion of Dithmenos.
             Succumbed to Nessos's poison
             ... on level 12 of the Dungeon on Mar 27, 2024.
             The game lasted 00:19:46 (9970 turns).

PublicAnimeNo1 the Carver (Coglin Gladiator)        Turns: 9970, Time: 00:19:47

Health: -5/98      AC: 12    Str: 15    XL:     12   Next: 58%
Magic:  16/16      EV: 16    Int:  7    God:    Dithmenos [******]
Gold:   968        SH:  0    Dex: 23    Spells: 11/11 levels left

rFire   + . .        A - +8 double sword of Eninn {vamp, rF+ Dex+4}
rCold   + . .        f - +0 dagger (venom) {Shatu-murrim}
rNeg    . . .        b - +0 leather armour
rPois   .            c - +0 helmet
rElec   .            s - +2 cloak
rCorr   .            B - +3 pair of gauntlets of War {Slay+5}
SInv    .            z - +0 pair of boots
Will    .....        (amulet unavailable)
Stlth   ++++++++     (ring unavailable)
HPRegen 0.36/turn    (ring unavailable)
MPRegen 0.15/turn    (no gizmo)

%: no passive effects
@: lethally poisoned (-5 -> -44), wreathed by umbra, revving
A: off-hand wielding, slow wielding, warmup strikes, no jewellery, clumsy 1,
cold resistance 1
a: Invent Gizmo, Renounce Religion, Shadow Step, Shadow Form


You were on level 12 of the Dungeon.
You worshipped Dithmenos.
Dithmenos was exalted by your worship.
You visited 1 branch of the dungeon, and saw 12 of its levels.
You also visited: Sewer and Bailey.

You collected 1058 gold pieces.
You spent 90 gold pieces at shops.

Inventory:

Hand Weapons
 a - a +1 long sword of flaming {Araceli}
 f - a +0 dagger of venom (offhand) {Shatu-murrim}
 A - the +8 double sword of Eninn (weapon) {vamp, rF+ Dex+4}
   (You acquired it in a bailey)

   Dex+4:     It affects your dexterity (+4).
   rF+:       It protects you from fire.
Missiles
 d - 2 throwing nets
 e - 6 javelins
 r - 6 atropa-tipped darts (quivered)
Armour
 b - a +0 leather armour (worn)
 c - a +0 helmet (worn)
 s - a +2 cloak (worn)
 z - a +0 pair of boots (worn)
 B - the +3 pair of gauntlets of War (worn) {Slay+5}
   (You acquired it on level 8 of the Dungeon)

   Slay+5:    It affects your accuracy & damage with ranged weapons and melee
   (+5).
Wands
 y - a wand of quicksilver (7)
 E - a wand of mindburst (7)
 G - a wand of charming (3)
 H - a wand of flame (17)
Scrolls
 g - 4 scrolls of amnesia
 h - a scroll of enchant armour
 i - 3 scrolls of revelation
 k - 3 scrolls of poison
 q - 5 scrolls of teleportation
 u - 3 scrolls of fear
 w - 2 scrolls of fog
 x - 3 scrolls of identify
 F - a scroll of brand weapon
Potions
 j - 4 potions of curing
 l - 2 potions of brilliance
 m - a potion of enlightenment
 n - 2 potions of heal wounds
 o - a potion of magic
 p - 2 potions of lignification
 t - a potion of haste
 v - 2 potions of attraction
 C - 3 potions of mutation
 D - 2 potions of might
 I - a potion of cancellation
 J - a potion of ambrosia


   Skills:
 + Level 10.5 Fighting
 + Level 12.0 Long Blades
 - Level 1.7 Throwing
 + Level 7.7 Dodging
 + Level 9.0 Stealth
 + Level 6.1 Invocations


You had 11 spell levels left.
You didn't know any spells.
Your spell library contained the following spells:

 Spells                   Type           Power      Damage    Failure   Level
 Apportation              Tloc           0%         N/A       50%         1
 Necrotise                Necr           0%         1d4       50%         1
 Slow                     Hex            0%         N/A       50%         1
 Sting                    Conj/Alch      0%         1d3       50%         1
 Summon Small Mammal      Summ           0%         N/A       50%         1
 Call Imp                 Summ           0%         N/A       65%         2
 Jinxbite                 Hex            0%         N/A       65%         2
 Lesser Beckoning         Tloc           0%         N/A       65%         2
 Mercury Vapours          Alch/Air       0%         N/A       65%         2
 Static Discharge         Conj/Air       0%         3-3/arc   65%         2
 Sublimation of Blood     Necr           0%         N/A       65%         2
 Confusing Touch          Hex            0%         N/A       86%         3
 Gell's Gravitas          Tloc           0%         N/A       86%         3
 Mephitic Cloud           Conj/Alch/Air  0%         N/A       86%         3
 Summon Ice Beast         Ice/Summ       0%         N/A       86%         3
 Teleport Other           Tloc           0%         N/A       86%         3
 Tukima's Dance           Hex            0%         N/A       86%         3
 Vampiric Draining        Necr           0%         2d6       86%         3
 Airstrike                Air            0%         2d(0-16)  99%         4
 Dimensional Bullseye     Hex/Tloc       0%         N/A       99%         4
 Iskenderun's Mystic Bla  Conj/Tloc      0%         2d3       99%         4
 Leda's Liquefaction      Alch/Erth      0%         N/A       99%         4
 Passage of Golubria      Tloc           0%         N/A       99%         4
 Summon Blazeheart Golem  Fire/Summ      0%         N/A       99%         4
 Summon Lightning Spire   Summ/Air       0%         N/A       99%         4
 Alistair's Intoxication  Alch           0%         N/A       100%        5
 Freezing Cloud           Conj/Ice/Air   0%         6-21      100%        5
 Silence                  Hex/Air        0%         N/A       100%        5
 Summon Mana Viper        Hex/Summ       0%         N/A       100%        5
 Yara's Violent Unravell  Hex/Alch       0%         3d3       100%        5
 Enfeeble                 Hex            0%         N/A       100%        7
 Monstrous Menagerie      Summ           0%         N/A       100%        7
 Summon Hydra             Summ           0%         N/A       100%        7
 Lehudib's Crystal Spear  Conj/Erth      0%         10d2      100%        8


Dungeon Overview and Level Annotations

Branches:
Dungeon (12/15)            Temple (0/1) D:4            Lair (0/5) D:9
    Orc (0/2) D:11          Sewer (visited)          Bailey (visited)

Altars:
Cheibriados
Dithmenos
Hepliaklqana
Kikubaaqudgha
Makhleb
Nemelex Xobeh
Okawaru
Trog
Wu Jian
Xom
Yredelemnul
Zin

Shops:
D:1 *   D:3 :   D:6 *

Annotations:
D:3 3 runed translucent doors, Tanach's ghost, amateur MDCK; znke's ghost, weakling BaIE
D:7 1 runed translucent door, Crazy Yiuf


Innate Abilities, Weirdness & Mutations

You can wield a second weapon in your off-hand.
It takes a long time for you to wield or remove held weapons.
Your first few attacks do less damage.
You cannot equip rings or amulets.
You are clumsy. (Dex -2)
Your flesh is cold resistant. (rC+)


Message History

Nessos is severely wounded.
You hit Nessos with your +0 dagger of venom.
Nessos looks as sick as possible!
Nessos pounds the earth with their hooves.
Nessos hits you but does no damage. Nessos kicks you but does no damage.
You hit Nessos but do no damage.
Nessos is almost dead.
You barely miss Nessos with the +8 double sword of Eninn.
Nessos gestures wildly while chanting.
Nessos blinks!
Nessos wields a +2 longbow of flaming.
It bursts into flame!
Nessos shoots an arrow.
The arrow hits you!!
You emit a cloud of dark smoke.
The arrow burns you.
You are poisoned.
Aiming: Mindburst
Press: ? - help, Shift-Dir - straight line, f - Nessos
Aim: Nessos, wielding a +2 longbow of flaming and wearing a +1 barding of cold resistance (almost dead, fast, extremely poisoned, umbra, chance to affect: 64%) Nessos struggles to resist.
You feel extremely sick.
Nessos gestures wildly while chanting.
Nessos blinks!
Nessos shoots an arrow.
The arrow barely misses you.
Aiming: Mindburst
Press: ? - help, Shift-Dir - straight line, f/p - Nessos
Aim: Nessos, wielding a +2 longbow of flaming and wearing a +1 barding of cold resistance (almost dead, fast, extremely poisoned, umbra, chance to affect: 64%) Nessos struggles to resist.
You feel extremely sick.
Nessos shoots an arrow.
The arrow hits you!
* * * LOW HITPOINT WARNING * * *
The arrow burns you.
You are more poisoned.
* * * LOW HITPOINT WARNING * * *
Aiming: Mindburst
Press: ? - help, Shift-Dir - straight line, f/p - Nessos
Aim: Nessos, wielding a +2 longbow of flaming and wearing a +1 barding of cold resistance (almost dead, fast, extremely poisoned, umbra, chance to affect: 64%) Nessos's mind is blasted!
You blow up Nessos!
Dithmenos accepts your kill.
* * * LOW HITPOINT WARNING * * *
You feel extremely sick.
Your Long Blades skill increases to level 12!
You die...

#..### ####. ##># ##...##
###.####... ###..#
#.......#.# #######'###
#.......###
#.........#####.......###
+......§§§'(............#
#.)[..§§§§#####.......#..
#....§§§§§# #.......##.
#....§§§@§# ###.#######
#####'##### #. #.. . #.#
. .. ... ... ....


There were no monsters in sight!

Vanquished Creatures
  Nessos (D:12)
  Lodul (D:10)
  An orc knight (Bailey)
  Pikel (D:8)
  3 cyclopes (D:12)
  2 gargoyles
  2 unseen horrors (D:11)
  3 kobold demonologists
  A komodo dragon (D:9)
  2 trolls (D:11)
  3 hornets
  A slime creature (D:12)
  3 shadows
  A wyvern (D:9)
  A wraith (D:7)
  15 yaks
  A fire bat (D:8)
  Grum (D:8)
  2 steam dragons
  7 vampire mosquitoes
  2 acid dragons
  5 water moccasins
  13 orc warriors
  4 black bears
  2 wolves (D:8)
  13 ogres
  3 phantoms
  3 centaurs
  2 lemures (D:8)
  3 kobold brigands
  A weeping skull (D:3)
  7 bullfrogs
  2 brain worms (Sewer)
  3 scorpions
  16 killer bees
  An electric eel (Bailey)
  2 howler monkeys (D:9)
  3 bombardier beetles
  3 hounds
  12 orc priests
  3 jellies
  A sleepcap (D:7)
  3 iguanas
  8 orc wizards
  10 gnolls
  12 adders
  2 river rats
  2 white imps
  A dart slug (D:2)
  2 ribbon worms (D:3)
  38 orcs
  8 endoplasms
  6 giant cockroaches
  18 goblins
  14 hobgoblins
  2 quokkas
  8 ball pythons
  5 bats
  14 frilled lizards
  15 kobolds
  11 rats
  A spectral orc (D:3)
336 creatures vanquished.

Notes
Turn   | Place    | Note
-------+----------+-------------------------------------------
     0 | D:1      | PublicAnimeNo1 the Coglin Gladiator began the quest for the
                  | Orb.
     0 | D:1      | Reached XP level 1. HP: 16/16 MP: 1/1
    42 | D:1      | Found Kirchirach's General Store.
   239 | D:1      | Reached XP level 2. HP: 22/22 MP: 2/2
   561 | D:1      | You fall into a shaft and drop 1 floor!
   852 | D:2      | Reached XP level 3. HP: 28/28 MP: 3/3
  1199 | D:2      | Found the +6 shillelagh "Devastator" {shatter}
  1239 | D:2      | Reached XP level 4. HP: 32/34 MP: 4/4
  1381 | D:2      | Found a shadowy altar of Dithmenos.
  1392 | D:2      | Became a worshipper of Dithmenos the Shadowed
  1599 | D:3      | Found a hazy altar of Hepliaklqana.
  1602 | D:3      | Found Zukum's Book Emporium.
  1652 | D:3      | Found a faded altar of an unknown god.
  1657 | D:3      | Reached skill level 4 in Long Blades
  1657 | D:3      | Reached XP level 5. HP: 41/41 MP: 5/5
  1658 | D:3      | Found a runed translucent gate.
  1658 | D:3      | Found a runed translucent gate.
  1662 | D:3      | Found a runed translucent gate.
  1663 | D:3      | Noticed znke's ghost (weakling BaIE)
  1708 | D:3      | Found an ancient bone altar of Kikubaaqudgha.
  1739 | D:3      | Noticed a black bear
  1745 | D:3      | Found a basalt altar of Yredelemnul.
  1745 | D:3      | Noticed a weeping skull
  1891 | D:3      | Found a glowing drain.
  1894 | D:3      | Reached * piety under Dithmenos
  1897 | Sewer    | Entered a sewer
  1917 | Sewer    | Reached skill level 1 in Stealth
  1989 | Sewer    | Reached XP level 6. HP: 29/48 MP: 1/6
  2178 | Sewer    | Reached skill level 9 in Long Blades
  2178 | Sewer    | Reached skill level 5 in Stealth
  2178 | Sewer    | Reached XP level 7. HP: 59/59 MP: 7/7
  2429 | D:3      | Noticed Tanach's ghost (amateur MDCK)
  2443 | D:3      | Found a burning altar of Makhleb.
  2487 | D:3      | Identified the ring of Naloudi {rPois Dex+4}
  2609 | D:4      | Found an iron altar of Okawaru.
  2679 | D:4      | Reached ** piety under Dithmenos
  2875 | D:4      | Found a bloodstained altar of Trog.
  2918 | D:4      | Reached XP level 8. HP: 67/67 MP: 8/8
  2967 | D:4      | Found a staircase to the Ecumenical Temple.
  3001 | D:5      | Entered Level 5 of the Dungeon
  3934 | D:5      | Found an ornate altar of the Wu Jian Council.
  4300 | D:6      | Reached *** piety under Dithmenos
  4599 | D:6      | Reached XP level 9. HP: 70/72 MP: 9/9
  4685 | D:6      | Found Rugo's CLEARANCE SALE!.
  5137 | D:7      | Reached skill level 1 in Invocations
  5147 | D:7      | Found a runed translucent door.
  5148 | D:7      | Noticed Crazy Yiuf
  5271 | D:7      | Noticed a hornet
  5283 | D:7      | Killed a hornet
  5286 | D:7      | HP: 3/72 [poisoned by a hornet]
  5297 | D:7      | Gained mutation: You are clumsy. (Dex -2) [potion of
                  | mutation]
  5297 | D:7      | Gained mutation: Your flesh is cold resistant. (rC+)
                  | [potion of mutation]
  5874 | D:8      | Found a shimmering altar of Xom.
  5944 | D:8      | Found a flagged portal.
  5968 | Bailey   | Entered a bailey
  6086 | Bailey   | Reached skill level 10 in Long Blades
  6094 | Bailey   | Noticed an orc knight
  6099 | Bailey   | Killed an orc knight
  6100 | Bailey   | Reached XP level 10. HP: 58/80 MP: 11/11
  6207 | Bailey   | Reached **** piety under Dithmenos
  6334 | Bailey   | Acquired the +8 double sword of Eninn {vamp, rF+ Dex+4}
  6394 | Bailey   | Found an iron altar of Okawaru.
  6397 | Bailey   | Noticed a kobold demonologist
  6401 | Bailey   | Noticed a kobold demonologist
  6406 | Bailey   | Noticed a rust devil
  6412 | Bailey   | Killed a kobold demonologist
  6413 | Bailey   | Killed a kobold demonologist
  6427 | Bailey   | Identified the +1 chain mail "Ropuast" {MP+9 Int+3}
  6539 | D:8      | Acquired the +3 pair of gauntlets of War {Slay+5}
  6539 | D:8      | Found the +3 pair of gauntlets of War {Slay+5}
  6660 | D:8      | Noticed Grum
  6668 | D:8      | Killed Grum
  6673 | D:8      | Found Zin's Purification Station.
  6677 | D:8      | Found a glowing silver altar of Zin.
  6683 | D:8      | Bought a potion of curing for 90 gold pieces
  6811 | D:8      | Noticed Pikel
  6820 | D:8      | Killed Pikel
  6893 | D:8      | Reached ***** piety under Dithmenos
  7107 | D:8      | Found a snail-covered altar of Cheibriados.
  7322 | D:9      | Reached XP level 11. HP: 87/87 MP: 13/13
  7376 | D:9      | Paralysed by a hornet for 2 turns
  7381 | D:9      | Paralysed by a hornet for 1 turns
  7572 | D:9      | Found a staircase to the Lair.
  7846 | D:9      | Reached skill level 11 in Long Blades
  7961 | D:9      | Found a sparkling altar of Nemelex Xobeh.
  8097 | D:10     | Entered Level 10 of the Dungeon
  8201 | D:10     | Noticed Lodul
  8222 | D:10     | Killed Lodul
  8223 | D:10     | Reached skill level 5 in Invocations
  8401 | D:10     | Got Sif Muna's Tractate on Congregated Venom
  8554 | D:10     | Reached XP level 12. HP: 97/97 MP: 16/16
  8822 | D:11     | Reached skill level 10 in Fighting
  9247 | D:11     | Found a staircase to the Orcish Mines.
  9269 | D:11     | Reached ****** piety under Dithmenos
  9939 | D:12     | Noticed Nessos
  9969 | D:12     | Killed Nessos
  9969 | D:12     | HP: 4/98 [poisoned by Nessos]
  9970 | D:12     | Reached skill level 12 in Long Blades
  9970 | D:12     | Succumbed to Nessos's poison

Illustrated notes

Levels and vault maps discovered:
D:1:      roderic_crossed_star, layout_loops_corners, serial_shops, shop
D:2:      layout_loops_ring, basic_altar, nicolae_underground_beach
D:3:      layout_rooms, mainiacjoe_overflow_chevrons, overflow_temple_1_default,
          yredelemnul_forgotten_temple_becter, nicolae_hepliaklqana_hazy_memory,
          portal_sewer_entry_e, gammafunk_ghost_cemetery, serial_shops,
          nicolae_shop_tiny_waterfront, dreamdust_ecumenical_altar_statues
D:4:      layout_rooms, trog_butcher_becter, okawaru_metal_pillars_1_2,
          minmay_temple_entry_drinking_statues
D:5:      layout_basic, mainiacjoe_overflow_alcove_2
D:6:      layout_basic, nicolae_shop_clearance
D:7:      layout_rooms, serial_corexii_hall, corexii_hall_statues_s,
          corexii_hall_statues_x, uniq_crazy_yiuf_cottage
D:8:      layout_cave_pods, mainiacjoe_overflow_small_starburst,
          regret_index_xom_of_box, zin_purify, enter_bailey_5, uniq_grum,
          uniq_pikel
D:9:      layout_roguey, nemelex_spade_bored_becter, due_lair_maze_entry_diamond
D:10:     layout_loops_ring, kennysheep_generic_room_6, uniq_lodul
D:11:     layout_basic, kennysheep_orc_monster_closet_entryway
D:12:     layout_roguey, serial_shops, shop, st_stairs_10, nicolae_water_bricks,
          corexii_hall_statues_l, uniq_psyche, uniq_nessos

Skill      XL: |  1  2  3  4  5  6  7  8  9 10 11 12 |
---------------+-------------------------------------+-----
Dodging        | 3 4 6 7 |  7.7
Fighting       | 3 6 7 8 9 10 | 10.5
Long Blades    | 4 9 10 11 12 | 12.0
Stealth        | 1 5 6 7 8 9 |  9.0
Invocations    | 2 3 5 6 |  6.1
Throwing       | |  1.7

Action                     |  1- 3 |  4- 6 |  7- 9 | 10-12 || total
---------------------------+-------+-------+-------+-------++-------
  Melee: Long sword        |    74 |    81 |   226 |    30 ||   411
         Dagger            |    63 |    70 |   211 |   277 ||   621
         Double sword      |       |       |       |   288 ||   288
  Throw: Throwing net      |     1 |     1 |       |       ||     2
         Dart              |       |     4 |     3 |     5 ||    12
  Evoke: Wand              |       |       |       |     6 ||     6
    Use: Scroll            |     2 |     9 |    10 |     5 ||    26
         Potion            |     1 |     2 |     6 |       ||     9
   Stab: Sleeping          |     1 |       |    18 |    17 ||    36
         Invisible         |     4 |     1 |     2 |     1 ||     8
         Distracted        |       |       |     2 |       ||     2
 Armour: Leather armour    |    38 |    43 |    76 |   168 ||   325
         Skin              |       |       |    20 |       ||    20
  Dodge: Dodged            |    41 |    50 |   115 |   237 ||   443

Table legend: (Time is in decaauts)
 A = Elapsed time spent in this place.
 B = Non-inter-level travel time spent in this place.
 C = Inter-level travel time spent in this place.
 D = Time resting spent in this place.
 E = Time spent auto-exploring this place.
 F = Levels seen in this place.
 G = Mean time per level.
                   A        B        C        D        E       F      G
               +--------+--------+--------+--------+--------+-----+--------+
         Total |   9923 |   9569 |    354 |    983 |   6325 |  14 |  708.8 |
       Dungeon |   8979 |   8625 |    354 |    837 |   6108 |  12 |  748.2 |
         Sewer |    386 |    386 |      0 |     85 |     74 |   1 |  386.0 |
        Bailey |    557 |    557 |      0 |     61 |    142 |   1 |  557.0 |
               +--------+--------+--------+--------+--------+-----+--------+

Top non-repeatable levels by time:
     D:5: 1080 daAuts
    D:11: 938 daAuts
     D:8: 860 daAuts
     D:7: 859 daAuts
     D:1: 841 daAuts
     D:6: 814 daAuts
     D:9: 771 daAuts
     D:2: 765 daAuts
    D:10: 712 daAuts
     D:3: 669 daAuts
  Bailey: 557 daAuts
     D:4: 478 daAuts
   Sewer: 386 daAuts
    D:12: 190 daAuts
